 Dungeon Crawl Stone Soup version 0.31-a0-358-gac0dbeb3ab (webtiles) character file.

Game seed: 12966085749288865110

72328 promet the Fighter (level 15, -3/88 HPs)
             Began as a Vine Stalker Fighter on July 25, 2023.
             Was a High Priest of Wu Jian.
             Slain by a sun demon (8 damage)
             ... summoned by an orc high priest
             ... on level 1 of the Orcish Mines.
             The game lasted 02:44:43 (30314 turns).

promet the Fighter (Vine Stalker Fighter)          Turns: 30314, Time: 02:44:44

Health: -3/88      AC: 24    Str: 22    XL:     15   Next: 39%
Magic:  0/16       EV: 16    Int: 10    God:    Wu Jian [*****.]
Gold:   1785       SH:  0    Dex: 20    Spells: 14/14 levels left

rFire   . . .        a - +3 lajatang (protect)
rCold   + . .        (shield currently unavailable)
rNeg    . . .        F - +3 chain mail {rC+}
rPois   .            B - +2 hat {SInv}
rElec   .            (no cloak)
rCorr   .            M - +0 pair of gloves {infuse}
SInv    +            h - +0 pair of boots
Will    ++...        (no amulet)
Stlth   +            Z - +5 ring of evasion
HPRegen 1.14/turn    y - ring of Vomuox {Will+ Str+2 Dex+2}
MPRegen 0.15/turn

%: guardian spirit
@: about to teleport, under a protective aura
A: fangs 3, regeneration 1, magic shield, antimagic bite, no potion heal 2
a: Renounce Religion, Wall Jump, Serpent's Lash, Heavenly Storm


You were on level 1 of the Orcish Mines.
You worshipped Wu Jian.
Wu Jian was extremely pleased with you.
You visited 4 branches of the dungeon, and saw 20 of its levels.

You collected 2092 gold pieces.
You spent 307 gold pieces at shops.

Inventory:

Hand Weapons
 a - a +3 lajatang of protection (weapon)
 b - a +0 arbalest
 c - the +6 sling "Yppasted" {drain, Int+2 Dex+3 Stlth+}
   (You found it on level 6 of the Dungeon)

   Int:       It affects your intelligence (+2).
   Dex:       It affects your dexterity (+3).
   Stlth:     It makes you more stealthy.
 k - a -1 demon whip of venom
 o - a +5 scimitar of freezing
 p - a +4 dire flail
 r - a +1 short sword of venom
 t - a +1 flail of draining
 v - a +2 battleaxe
 A - the +7 hand axe of the Fray {antimagic, rElec rC+ rN+ Int-5}
   (You found it on level 5 of the Lair of Beasts)

   Int:       It affects your intelligence (-5).
   rC:        It protects you from cold.
   rElec:     It insulates you from electricity.
   rN:        It protects you from negative energy.
Missiles
 j - 13 boomerangs (quivered)
 m - 98 stones
 Q - 4 throwing nets
 S - 9 poisoned darts
 X - 10 curare-tipped darts
Armour
 h - a +0 pair of boots (worn)
 B - a +2 hat of see invisible (worn)
 E - +0 steam dragon scales
 F - a +3 chain mail of cold resistance (worn)
 M - a +0 pair of gloves of infusion (worn)
Jewellery
 g - a ring of fire
 l - a ring of poison resistance
 n - a ring of magical power
 q - a ring of flight
 y - the ring of Vomuox (right hand) {Will+ Str+2 Dex+2}
   (You found it on level 4 of the Dungeon)

   [ring of willpower]

   Str:       It affects your strength (+2).
   Dex:       It affects your dexterity (+2).
   Will:      It increases your willpower.
 D - a ring of poison resistance
 W - a ring of willpower
 Z - a +5 ring of evasion (left hand)
Wands
 f - a wand of charming (1)
 G - a wand of polymorph (9)
 I - a wand of iceblast (13)
 T - a wand of digging (4)
 V - a wand of flame (36)
 Y - a wand of mindburst (19)
Scrolls
 s - 3 scrolls of revelation
 w - 2 scrolls of poison
 O - a scroll of fear
Potions
 d - 2 potions of might
 e - 3 potions of enlightenment
 i - 2 potions of mutation
 u - a potion of ambrosia
 x - 2 potions of brilliance
 C - 4 potions of curing
 H - a potion of resistance
 J - a potion of haste
 K - 2 potions of attraction
 N - 2 potions of lignification
 U - a potion of invisibility


   Skills:
 * Level 14.0 Fighting
 + Level 1.8 Long Blades
 + Level 2.6(2.7) Axes
 + Level 0.4(8.3) Maces & Flails
 + Level 12.7 Staves
 + Level 10.6 Ranged Weapons
 + Level 1.1 Throwing
 + Level 5.9 Armour
 + Level 5.4 Dodging
 + Level 4.7 Stealth
 + Level 2.8 Shields
 + Level 7.3 Evocations


You had 14 spell levels left.
You didn't know any spells.
Your spell library contained the following spells:

 Spells                   Type           Power      Damage    Failure   Level
 Freeze                   Ice            0%         1d3       91%         1
 Magic Dart               Conj           0%         1d3       91%         1
 Ensorcelled Hibernation  Hex/Ice        0%         N/A       97%         2
 Lesser Beckoning         Tloc           0%         N/A       97%         2
 Poisonous Vapours        Pois/Air       0%         N/A       97%         2
 Searing Ray              Conj           0%         2d4       97%         2
 Frozen Ramparts          Ice            0%         1d1       100%        3
 Gell's Gravitas          Tloc           0%         N/A       100%        3
 Hailstorm                Conj/Ice       0%         3d3       100%        3
 Mephitic Cloud           Conj/Pois/Air  0%         N/A       100%        3
 Ozocubu's Armour         Ice            0%         N/A       100%        3
 Teleport Other           Tloc           0%         N/A       100%        3
 Anguish                  Hex/Necr       0%         N/A       100%        4
 Fulminant Prism          Conj/Hex       0%         3d5       100%        4
 Olgreb's Toxic Radiance  Pois           0%         N/A       100%        4
 Freezing Cloud           Conj/Ice/Air   0%         6-21      100%        5
 Metabolic Englaciation   Hex/Ice        0%         N/A       100%        5
 Simulacrum               Ice/Necr       0%         N/A       100%        6
 Discord                  Hex            0%         N/A       100%        8
 Ignition                 Fire           0%         3d3       100%        8


Dungeon Overview and Level Annotations

Branches:
Dungeon (12/15)            Temple (0/1) D:7            Lair (5/5) D:10
  Swamp (0/4) Lair:2        Snake (0/4) Lair:2        Slime (1/5) Lair:4
    Orc (2/2) D:9             Elf (0/3) Orc:2

Altars:
Makhleb
Qazlal
Ru
Vehumet
Wu Jian
Yredelemnul
Zin
The Shining One

Shops:
D:7 ?   D:8 [   Orc:2 [[*=

Annotations:
D:3 3 runed translucent doors, randomguy2701's ghost, amateur HuBe
D:5 1 runed translucent door, cforsyth's ghost, amateur GnAr


Innate Abilities, Weirdness & Mutations

You have razor-sharp teeth.
Your natural rate of healing is unusually fast.
When hurt, damage is shared between your health and your magic reserves.
Your bite disrupts and absorbs the magic of your enemies.
Potions cannot restore your health.


Message History

You are engulfed in flames!!
The chaos spawn gores you but does no damage.
You can't go up here!
As you read the scroll of teleportation, it crumbles to dust.
You feel strangely unstable.
The orc high priest says, "All sinners must die."
The orc high priest closely misses you.
The orc warrior hits you from afar with a +0 glaive!
The troll barely misses you. The troll closely misses you.
The troll claws you but does no damage.
The orc warrior hits you from afar with a +0 trident.
An ogre comes into view. It is wielding a +0 giant club.
The orc warrior closely misses you. The orc closely misses you.
The orc wizard misses you.
The orc warrior shoots a bolt.
The bolt barely misses you.
The bolt barely misses the orc wizard.
The bolt hits the orc warrior.
The sun demon barely misses you. The chaos spawn closely misses you.
You hit the troll. You bite the troll. You drain its power.
You feel invigorated.
The troll is moderately wounded.
The heavenly storm settles.
The orc high priest utters an invocation to Beogh.
The orc warrior misses you. The troll bites you. The troll barely misses you.
The troll misses you. The orc warrior closely misses you. x2
The orc hits you but does no damage.
The orc wizard points at you and mumbles some strange words.
The magic dart hits you.
* * * LOW HITPOINT WARNING * * *
The sun demon hits you!
* * * LOW HITPOINT WARNING * * *
You are engulfed in flames!
* * * LOW HITPOINT WARNING * * *
The orc warrior shoots a bolt.
The bolt hits you.
* * * LOW HITPOINT WARNING * * *
The chaos spawn gores you but does no damage.
You slice the orc warrior like a ripe choko!!!
You kill the orc warrior!
The Council accepts your kill. The sun demon hits you!
You die...

.##.....#......
.o#............
..T3o..........
....o..o......
............#
.....o☼☼o☼.#
.....oT§o§.#
.....O3@o§.#
.....☼4☼#☼.#
.##..§o§# ..#
##.#.## ## ####


You could see an orc high priest, a sun demon (summoned), a troll, a chaos spawn
(summoned), 3 orc warriors, an ogre, an orc wizard and an orc.

Vanquished Creatures
  Gastronok (Lair:1)
  An orc warlord (D:9)
  Harold (Lair:1)
  Josephine (Lair:3)
  2 ogre magi (Orc:2)
  A hydra (Lair:5)
  9 two-headed ogres
  A boulder beetle (Lair:2)
  6 death yaks
  14 spriggans (Lair:5)
  Amaemon (D:8)
  3 skysharks
  2 deep trolls (Orc:1)
  An orc knight (D:9)
  A manticore (D:11)
  3 orc sorcerers
  5 cyclopes
  2 black mambas (Lair:4)
  Joseph (Lair:1)
  13 cane toads
  An unseen horror (D:10)
  An orange demon (D:8)
  2 gargoyles
  A rime drake (Lair:5)
  10 komodo dragons
  A kobold demonologist (D:11)
  11 polar bears
  3 tyrant leeches (Lair:2)
  3 blink frogs
  7 trolls
  11 hornets
  Prince Ribbit (D:7)
  7 dream sheep (Lair:5)
  6 slime creatures (D:12)
  A shadow (D:11)
  4 wraiths
  3 basilisks
  28 yaks
  6 wyverns
  A steam dragon (D:7)
  4 vampire mosquitoes (D:10)
  A swamp worm (Lair:2)
  An acid dragon (D:10)
  A naga (Lair:2)
  2 wargs
  22 water moccasins
  12 orc warriors
  A sky beast (D:7)
  8 black bears
  An ice beast (D:5)
  24 ogres
  33 wolves
  3 boggarts
  4 centaurs
  2 kobold brigands (D:8)
  10 bullfrogs
  2 gnoll sergeants
  2 scorpions
  10 wights
  12 killer bees
  An electric eel (Lair:2)
  A crimson imp (D:3)
  8 howler monkeys
  6 hounds
  A gnoll bouda (D:8)
  A jelly (D:6)
  17 orc priests
  4 iguanas
  14 orc wizards
  27 gnolls
  5 adders
  2 shadow imps
  A white imp (D:3)
  2 ufetubi
  A worm (D:5)
  2 dart slugs (D:4)
  64 orcs
  5 ball pythons
  3 endoplasms
  6 giant cockroaches
  8 hobgoblins
  20 jackals
  6 quokkas
  6 bats
  A frilled lizard (D:1)
  4 goblins
  13 kobolds
  6 rats (D:1)
  A spectral kobold (D:2)
568 creatures vanquished.

Vanquished Creatures (collateral kills)
  An orc priest (Orc:1)
  An orc wizard (Orc:1)
2 creatures vanquished.

Vanquished Creatures (others)
  A black mamba (Lair:5)
  A rime drake (Lair:3)
  A troll (Orc:2)
  An orc wizard (D:7)
  2 orcs (Orc:1)
6 creatures vanquished.

Grand Total: 576 creatures vanquished

Notes
Turn   | Place    | Note
-------+----------+-------------------------------------------
     0 | D:1      | promet the Vine Stalker Fighter began the quest for the
                  | Orb.
     0 | D:1      | Reached XP level 1. HP: 11/11 MP: 2/2
   266 | D:1      | Reached XP level 2. HP: 6/16 MP: 0/3
   607 | D:1      | Reached skill level 3 in Fighting
  1120 | D:1      | Reached XP level 3. HP: 17/20 MP: 4/4
  1515 | D:2      | Found a faded altar of an unknown god.
  1550 | D:2      | Reached skill level 1 in Staves
  2281 | D:3      | Found a runed translucent gate.
  2282 | D:3      | Noticed randomguy2701's ghost (amateur HuBe)
  2302 | D:3      | Found a runed translucent gate.
  2303 | D:3      | Found a runed translucent gate.
  2344 | D:3      | Gained mutation: Your natural rate of healing is unusually
                  | fast. [Vine Stalker growth]
  2344 | D:3      | Reached XP level 4. HP: 21/24 MP: 5/5
  2873 | D:3      | Reached XP level 5. HP: 28/28 MP: 6/6
  3195 | D:3      | Found a radiant altar of Vehumet.
  3200 | D:3      | Found a burning altar of Makhleb.
  3207 | D:3      | Reached skill level 1 in Ranged Weapons
  3812 | D:3      | Reached XP level 6. HP: 33/33 MP: 7/7
  4373 | D:3      | Reached skill level 4 in Fighting
  4457 | D:3      | Reached XP level 7. HP: 31/32 MP: 8/8
  5822 | D:4      | Reached skill level 5 in Fighting
  5930 | D:4      | Gained mutation: You have razor-sharp teeth. [Vine Stalker
                  | growth]
  5930 | D:4      | Reached XP level 8. HP: 38/43 MP: 7/9
  6186 | D:4      | Identified the ring of Vomuox {Will+ Str+2 Dex+2}
  6568 | D:5      | Entered Level 5 of the Dungeon
  6607 | D:5      | Found a stormy altar of Qazlal.
  7335 | D:5      | Found a runed translucent door.
  7342 | D:5      | Noticed cforsyth's ghost (amateur GnAr)
  7415 | D:5      | Found a glowing golden altar of the Shining One.
  7422 | D:5      | Reached skill level 1 in Dodging
  8005 | D:6      | Identified the +6 sling "Yppasted" {drain, Int+2 Dex+3
                  | Stlth+}
  8065 | D:6      | Reached skill level 6 in Fighting
  8065 | D:6      | Reached skill level 5 in Staves
  8136 | D:6      | Reached XP level 9. HP: 46/48 MP: 6/10
  8188 | D:6      | Found a glowing silver altar of Zin.
  8436 | D:6      | Noticed a gargoyle
  8442 | D:6      | Killed a gargoyle
  8562 | D:7      | Noticed a hornet
  8566 | D:7      | Noticed Prince Ribbit
  8574 | D:6      | Killed a hornet
  8780 | D:7      | Killed Prince Ribbit
  8781 | D:7      | Reached skill level 5 in Ranged Weapons
  8951 | D:7      | Reached skill level 7 in Fighting
  8967 | D:7      | HP: 1/50 [steam dragon] (5)]
  9191 | D:7      | Found a staircase to the Ecumenical Temple.
  9571 | D:7      | Found The Oracle's Delphic Readings.
  9579 | D:7      | Bought a scroll of blinking for 97 gold pieces
  9727 | D:7      | Reached XP level 10. HP: 49/55 MP: 7/11
 10139 | D:8      | Found a sacrificial altar of Ru.
 10139 | D:8      | Found an ornate altar of the Wu Jian Council.
 10145 | D:8      | Became a worshipper of the Wu Jian Council
 10222 | D:8      | Found Sutanybea's Antique Armour Emporium.
 10370 | D:8      | Noticed Amaemon
 10377 | D:8      | Noticed an orange demon
 10384 | D:8      | Killed Amaemon
 10390 | D:8      | Killed an orange demon
 10391 | D:8      | Reached skill level 1 in Stealth
 10554 | D:8      | Bought a pair of runed gloves for 210 gold pieces
 10908 | D:8      | Reached skill level 8 in Fighting
 11286 | D:9      | Found a basalt altar of Yredelemnul.
 11321 | D:9      | Reached * piety under Wu Jian
 11484 | D:9      | Found a staircase to the Orcish Mines.
 11971 | D:9      | Paralysed by a hornet for 1 turns
 12072 | D:10     | Entered Level 10 of the Dungeon
 12089 | D:10     | Reached XP level 11. HP: 37/60 MP: 0/12
 12344 | D:10     | Reached skill level 9 in Fighting
 12344 | D:10     | Reached skill level 1 in Axes
 12630 | D:10     | Found a staircase to the Lair.
 13069 | D:10     | Reached ** piety under Wu Jian
 14220 | D:11     | Reached skill level 10 in Fighting
 14324 | D:11     | Noticed a two-headed ogre
 14333 | D:11     | Killed a two-headed ogre
 14377 | D:11     | Noticed a manticore
 14390 | D:11     | Killed a manticore
 14965 | Lair:1   | Entered Level 1 of the Lair of Beasts
 14972 | Lair:1   | Noticed Joseph
 15245 | Lair:1   | Killed Joseph
 15315 | Lair:1   | Reached XP level 12. HP: 68/68 MP: 13/13
 15359 | Lair:1   | Reached XP level 13. HP: 72/72 MP: 12/14
 15422 | Lair:1   | Noticed Harold
 15437 | Lair:1   | Killed Harold
 15574 | Lair:1   | Noticed Gastronok
 15591 | Lair:1   | Killed Gastronok
 16494 | Lair:1   | Reached skill level 10 in Staves
 16863 | Lair:2   | Found a staircase to the Snake Pit.
 16868 | Lair:2   | Reached skill level 11 in Fighting
 17010 | Lair:2   | Reached *** piety under Wu Jian
 17215 | Lair:2   | Found a staircase to the Swamp.
 17986 | Lair:3   | Noticed Josephine
 18264 | Lair:3   | Killed Josephine
 19536 | Lair:4   | Found a staircase to the Slime Pits.
 20232 | Lair:4   | Reached XP level 14. HP: 74/79 MP: 15/15
 20492 | Lair:4   | Reached skill level 12 in Fighting
 20926 | Lair:4   | Reached **** piety under Wu Jian
 21479 | Lair:5   | Entered Level 5 of the Lair of Beasts
 21548 | Slime:1  | Entered Level 1 of the Pits of Slime
 21548 | Slime:1  | Noticed an azure jelly
 21548 | Slime:1  | Noticed a quicksilver ooze
 23332 | Lair:5   | Reached skill level 5 in Dodging
 23563 | Lair:4   | Reached skill level 1 in Throwing
 23772 | Lair:5   | Reached ***** piety under Wu Jian
 23773 | Lair:5   | Reached skill level 10 in Ranged Weapons
 24563 | Lair:5   | Reached skill level 13 in Fighting
 25064 | Lair:5   | Identified the +7 hand axe of the Fray {antimagic, rElec
                  | rC+ rN+ Int-5}
 25597 | Orc:1    | Entered Level 1 of the Orcish Mines
 25599 | Orc:1    | Noticed an orc warlord
 25620 | D:9      | Killed an orc warlord
 27072 | Orc:1    | Reached skill level 5 in Armour
 27109 | Orc:1    | Upgraded the game from 0.31-a0-355-g57cb03d3e8 to
                  | 0.31-a0-358-gac0dbeb3ab
 27464 | Orc:2    | Entered Level 2 of the Orcish Mines
 27577 | Orc:2    | Reached XP level 15. HP: 86/86 MP: 14/16
 29102 | Orc:2    | Reached ****** piety under Wu Jian
 29133 | Orc:2    | Found Jasmodaph's Jewellery Shop.
 29555 | Orc:2    | Found Maed's Assorted Antiques.
 29557 | Orc:2    | Found Ciloyf's Antique Armour Shop.
 29600 | Orc:2    | Found Nirch's Antique Armour Boutique.
 29718 | Orc:2    | Found a staircase to the Elven Halls.
 29814 | Orc:2    | Reached skill level 14 in Fighting
 30313 | Orc:1    | HP: 4/88 [orc warrior/bolt[an orc high priest] (2)]
 30314 | Orc:1    | Slain by a sun demon

Illustrated notes

Levels and vault maps discovered:
D:1:      dpeg_arrival_concentric_ovals, layout_loops_ring,
          chequers_serial_rivers_micro_d, amethyst_killhole
D:2:      layout_loops_corners, dreamdust_ecumenical_altar_drowned_temple,
          columned_hall_lemuel
D:3:      lemuel_castle_with_subvaults [lemuel_castle_interior_original],
          layout_basic, grunt_temple_overflow_lords_of_destruction,
          gammafunk_ghost_split
D:4:      layout_loops_ring, minmay_crystal_water, hangedman_minor_gate_pass
D:5:      layout_loops_ring, marbit_many_paths, lemuel_doored_altar,
          ebering_ghost_sewer_d, kennysheep_generic_room_6
D:6:      minmay_spotlight, layout_basic, mainiacjoe_overflow_small_starburst
D:7:      layout_rooms, minmay_temple_entry_mist, nicolae_nh_oracle_at_delphi,
          uniq_prince_ribbit1
D:8:      layout_rooms, nicolae_overflow_two_pavilions, serial_shops,
          nicolae_inconvenience_store, uniq_amaemon
D:9:      layout_irregular_city, mainiacjoe_overflow_six_doors_small,
          david_orc_3
D:10:     layout_loops_ring, due_lair_maze_entry_diamond, eino_jars
D:11:     layout_roguey
D:12:     layout_irregular_city
Lair:1:   layout_hall_layers, cheibrodos_lair_lostbears, uniq_gastronok,
          uniq_joseph, uniq_harold
Lair:2:   layout_roguey, minmay_swamp_entry_worms, guppyfry_snake_entry_garden,
          nicolae_lair_lil_pond, beast_lair_carwin_2
Lair:3:   layout_concentric_octagons, portal_ice_cave_rime, beast_lair_carwin_1,
          uniq_josephine
Lair:4:   layout_roguey, slime_entry_1
Lair:5:   minmay_lair_end_enchanted_forest, layout_misc_corridors,
          serial_bayou_pond_c, pond, lemuel_fruit_tree
Slime:1:  layout_caves, nicolae_slime_getting_an_eyeful
Orc:1:    layout_caves
Orc:2:    st_orc_open, layout_caves

Skill      XL: |  1  2  3  4  5  6  7  8  9 10 11 12 13 14 15 |
---------------+----------------------------------------------+-----
Fighting       | 3 4 5 6 7 8 10 11 13 14 | 14.0
Staves         | 1 2 3 4 5 6 8 9 11 12 | 12.7
Armour         | 3 4 5 |  5.9
Ranged Weapons | 1 2 3 4 5 6 7 9 10 | 10.6
Dodging        | 1 2 3 4 5 |  5.4
Stealth        | 1 3 4 |  4.7
Axes           | 1 2 |  2.6
Evocations     | 7 |  7.3
Throwing       | 1 |  1.1
Long Blades    | |  1.8
Maces & Flails | |  0.4
Shields        | |  2.8

Action                     |  1- 3 |  4- 6 |  7- 9 | 10-12 | 13-15 || total
---------------------------+-------+-------+-------+-------+-------++-------
  Melee: Lajatang          |    89 |    79 |   185 |   264 |   682 ||  1299
         Long sword        |     5 |       |       |       |       ||     5
         Bite              |    18 |    23 |    66 |    68 |   240 ||   415
         Battleaxe         |       |       |       |    11 |     6 ||    17
         Short sword       |       |       |       |     1 |       ||     1
         Demon whip        |       |       |       |       |     8 ||     8
         Hand axe          |       |       |       |       |     3 ||     3
         Dire flail        |       |       |       |       |     2 ||     2
   Fire: Arbalest          |     1 |    80 |    87 |    33 |    30 ||   231
         Sling             |       |       |    40 |    76 |   493 ||   609
  Throw: Stone             |       |       |     1 |       |       ||     1
         Dart              |       |       |       |     2 |     1 ||     3
         Throwing net      |       |       |       |     2 |       ||     2
         Boomerang         |       |       |       |       |     9 ||     9
 Invoke: Serpent's Lash    |       |       |       |       |     1 ||     1
         Heavenly Storm    |       |       |       |       |     1 ||     1
Ability: Lunge             |       |       |       |     8 |    20 ||    28
         Whirlwind         |       |       |       |     3 |    30 ||    33
         Wall Jump         |       |       |       |       |    11 ||    11
  Evoke: Wand              |       |       |     2 |     2 |    11 ||    15
    Use: Scroll            |     1 |     5 |    12 |    13 |     9 ||    40
         Potion            |       |       |     1 |     4 |     2 ||     7
   Stab: Held in net/web   |       |       |       |     1 |       ||     1
         Sleeping          |       |       |       |       |     3 ||     3
         Invisible         |       |       |       |       |     2 ||     2
 Armour: Scale mail        |    66 |    57 |   115 |       |       ||   238
         Steam dragon scal |       |       |     8 |   131 |   219 ||   358
         Chain mail        |       |       |       |       |   184 ||   184
  Dodge: Dodged            |    47 |    59 |   107 |   243 |   733 ||  1189
  Block: Buckler           |     1 |       |       |       |       ||     1

Table legend: (Time is in decaauts)
 A = Elapsed time spent in this place.
 B = Non-inter-level travel time spent in this place.
 C = Inter-level travel time spent in this place.
 D = Time resting spent in this place.
 E = Time spent auto-exploring this place.
 F = Levels seen in this place.
 G = Mean time per level.
                   A        B        C        D        E       F      G
               +--------+--------+--------+--------+--------+-----+--------+
         Total |  30390 |  29186 |   1204 |  11249 |   6059 |  20 | 1519.5 |
       Dungeon |  17206 |  16466 |    740 |   6247 |   3909 |  12 | 1433.8 |
          Lair |  10209 |   9775 |    434 |   3713 |   1910 |   5 | 2041.8 |
    Slime Pits |      1 |      1 |      0 |      0 |      0 |   1 |    1.0 |
  Orcish Mines |   2973 |   2943 |     30 |   1289 |    239 |   2 | 1486.5 |
               +--------+--------+--------+--------+--------+-----+--------+

Top non-repeatable levels by time:
  Lair:4: 3433 daAuts
     D:3: 3011 daAuts
     D:9: 2234 daAuts
    D:10: 2097 daAuts
  Lair:5: 2089 daAuts
  Lair:3: 1817 daAuts
   Orc:1: 1619 daAuts
  Lair:2: 1595 daAuts
     D:1: 1443 daAuts
     D:4: 1371 daAuts
   Orc:2: 1353 daAuts
  Lair:1: 1274 daAuts
    D:11: 1198 daAuts
     D:7: 1178 daAuts
     D:8: 1144 daAuts
